 Seeded DCSS version 0.29.1-12-g30fa7ad0bf (webtiles) character file.

Game seed: 1 (custom seed)

52 Kazon the Ducker (level 3, -2/27 HPs)
             Began as a Vampire Gladiator on Dec 13, 2022.
             Succumbed to a kobold's poison
             ... on level 2 of the Dungeon.
             The game lasted 00:04:39 (1104 turns).

Kazon the Ducker (Vampire Gladiator)                Turns: 1104, Time: 00:04:40

Health: -2/27      AC:  7    Str: 15    XL:     3   Next: 60%
Magic:  3/3        EV: 13    Int: 10    God:
Gold:   154        SH:  0    Dex: 15    Spells: 2/2 levels left

rFire   . . .      SeeInvis +   f - +3 demon blade (venom)
rCold   . . .      Faith    .   (no shield)
rNeg    . . .      Spirit   .   b - +0 leather armour
rPois   .          Reflect  .   c - +0 helmet
rElec   .          Harm     .   (no cloak)
rCorr   .          Rampage  .   (no gloves)
Will    .....                   n - +2 pair of boots
Stlth   +.........              g - amulet of the acrobat
HPRegen 0.29/turn               (no ring)
MPRegen 0.08/turn               (no ring)

@: lethally poisoned (-2 -> -33), healing quickly
A: alive, fangs 3, see invisible, vampiric 2
a: Exsanguinate


You were on level 2 of the Dungeon.
You visited 1 branch of the dungeon, and saw 2 of its levels.

You collected 154 gold pieces.

Inventory:

Hand Weapons
 a - a +0 long sword
 f - a +3 demon blade of venom (weapon)
Missiles
 d - 3 throwing nets
 e - a javelin
 l - 17 stones (quivered)
 p - 3 boomerangs
Armour
 b - a +0 leather armour (worn)
 c - a +0 helmet (worn)
 n - a +2 pair of boots (worn)
Jewellery
 g - an amulet of the acrobat (around neck)
Scrolls
 k - 2 scrolls of identify {unknown}
 o - a scroll of immolation {unknown}
Potions
 h - a potion of haste {unknown}
 i - a potion of flight {unknown}
 j - a potion of attraction {unknown}
 m - a potion of berserk rage {unknown}


   Skills:
 + Level 1.8 Fighting
 + Level 3.6 Long Blades
 + Level 1.6 Throwing
 + Level 4.3 Dodging


You had 2 spell levels left.
You didn't know any spells.
Your spell library contained the following spells:

 Spells                   Type           Power      Damage    Failure   Level
 Apportation              Tloc           0%         N/A       43%         1
 Necrotise                Necr           0%         1d4       43%         1
 Summon Small Mammal      Summ           0%         N/A       43%         1


Dungeon Overview and Level Annotations

Branches:
Dungeon (2/15)

Altars:


Innate Abilities, Weirdness & Mutations

Your natural rate of healing is accelerated.
You have razor-sharp teeth.
You have supernaturally acute eyesight. (SInv)
You are afflicted with vampirism and can become a bat while bloodless.


Message History

You are frozen.
You slash the endoplasm!
You kill the endoplasm!
You closely miss the ball python.
You bite the ball python, but do no damage.
The ball python closely misses you. The ball python barely misses you.
You closely miss the ball python. The ball python misses you.
The ball python grabs you. The ball python constricts you.
You slash the ball python!
You kill the ball python!
You see here a ball python corpse.
Found a stone staircase leading down.
There is a stone staircase leading down here.
A kobold comes into view. It is wielding a +2 dagger of venom.
The kobold shouts!
A hobgoblin comes into view.
You completely miss the kobold.
The hobgoblin shouts!
The kobold hits you but does no damage.
You are poisoned.
You closely miss the kobold. Your bite misses the kobold.
You feel very sick. The kobold hits you but does no damage.
You are more poisoned.
You completely miss the kobold.
You feel very sick. The kobold hits you but does no damage.
You are lethally poisoned!
You barely miss the kobold. You punch the kobold, but do no damage.
You feel very sick.
The kobold hits you with a +2 dagger of venom.
You are more poisoned.
You closely miss the kobold.
* * * LOW HITPOINT WARNING * * *
You feel extremely sick. The kobold hits you but does no damage.
You are more poisoned.
The kobold barely misses you.
You closely miss the kobold. Your bite misses the kobold.
You die...

#.# #.# #.#
#.# #.# #
#g# #. #K#
#. #@#
#.########.#
#..........#
#...########
#########.#
......# #.#
#####.# #.#
#####.###.#
#.......#>#


You could see a hobgoblin and a kobold.

Vanquished Creatures
  2 adders (D:2)
  A worm (D:2)
  6 endoplasms
  A giant cockroach (D:1)
  5 goblins
  3 hobgoblins
  2 kobolds
  A quokka (D:1)
  2 ball pythons (D:2)
  2 bats
  2 frilled lizards (D:2)
  3 rats (D:1)
30 creatures vanquished.

Notes
Turn   | Place    | Note
-------+----------+-------------------------------------------
     0 | D:1      | Kazon the Vampire Gladiator began the quest for the Orb.
     0 | D:1      | Reached XP level 1. HP: 16/16 MP: 1/1
    34 | D:1      | Identified a scroll of acquirement
    34 | D:1      | Acquired a +3 demon blade of venom
   164 | D:1      | Reached XP level 2. HP: 22/22 MP: 2/2
   711 | D:2      | Reached skill level 4 in Dodging
   711 | D:2      | Gained mutation: You are afflicted with vampirism and can
                  | become a bat while bloodless. [Vampire growth]
   711 | D:2      | Reached XP level 3. HP: 27/27 MP: 3/3
  1104 | D:2      | Succumbed to a kobold's poison

Illustrated notes

Levels and vault maps discovered:
D:1:      dpeg_arrival_three_smaller_balls, layout_basic
D:2:      layout_loops_ring

Skill      XL: |  1  2 |
---------------+-------+-----
Dodging        | 4 |  4.3
Fighting       | |  1.8
Long Blades    | |  3.6
Throwing       | |  1.6

Action                   || total
-------------------------++-------
Melee: Demon blade       ||    60
       Bite              ||     4
       Punch             ||     1
  Use: Scroll            ||     1
Armor: Leather armour    ||    17
Dodge: Dodged            ||    50
